 Dungeon Crawl Stone Soup version 0.26.1-11-gd32895ea62 (webtiles) character file.

Game seed: 9527824175577122812

1045 Descartes the Magician (level 8, -4/41 HPs)
             Began as a Deep Elf Hedge Wizard on Apr 13, 2021.
             Was an Initiate of Gozag.
             Killed from afar by Sigmund (6 damage)
             ... with a magic dart
             ... on level 4 of the Dungeon.
             The game lasted 00:11:50 (7266 turns).

Descartes the Magician (Deep Elf Hedge Wizard)      Turns: 7266, Time: 00:11:51

Health: -4/41      AC:  7    Str: 13    XL:     8   Next: 4%
Magic:  6/17       EV: 15    Int: 22    God:    Gozag
Gold:   148        SH:  0    Dex: 16    Spells: 13/17 levels left

rFire    x . .     SeeInvis .   b - +5 short sword
rCold    + . .     Faith    .   (no shield)
rNeg     . . .     Spirit   .   g - +0 leather armour
rPois    .         Reflect  .   c - +0 hat
rElec    .         Harm     .   (no cloak)
rCorr    .         Rampage  .   d - +1 pair of gloves
Will     +....                  (no boots)
Stlth    +++.......             (no amulet)
HPRegen  0.13/turn              o - ring of ice
MPRegen  0.15/turn              y - +6 ring of strength

@: gold aura
A: yellow scales 1, agile 1, strong-willed 1
a: Renounce Religion, Potion Petition, Call Merchant, Bribe Branch


You were on level 4 of the Dungeon.
You worshipped Gozag.
Gozag was aware of your devotion.
You visited 2 branches of the dungeon, and saw 5 of its levels.
You also visited: Ossuary.

You collected 189 gold pieces.
You paid 41 gold pieces to Gozag.

Inventory:

Hand Weapons
 b - a +5 short sword (weapon)
 B - a +0 hunting sling
Missiles
 k - 219 stones
 l - 35 arrows
 D - 2 boomerangs
Armour
 c - a +0 hat (worn)
 d - a +1 pair of gloves (worn)
 g - a +0 leather armour (worn)
Jewellery
 o - a ring of ice (left hand)
 u - an uncursed ring of fire
 y - a +6 ring of strength (right hand)
Wands
 a - a wand of acid (6)
Scrolls
 e - 2 scrolls of teleportation
 h - a scroll of remove curse
 p - a scroll of noise {unknown}
 q - 4 scrolls of enchant armour
 r - a scroll of blinking {unknown}
 s - 2 scrolls of magic mapping {unknown}
 v - a scroll of immolation {unknown}
 x - a scroll of random uselessness {unknown}
 C - a scroll of identify
Potions
 f - 2 potions of flight {unknown}
 i - a potion of heal wounds
 j - 2 potions of haste
 m - 2 potions of invisibility
 n - 2 potions of curing
 t - a potion of ambrosia {unknown}
 w - a potion of attraction
 z - a potion of mutation
 A - a potion of lignification


   Skills:
 - Level 5.0 Dodging
 - Level 5.0 Stealth
 - Level 5.0 Spellcasting
 - Level 5.0 Conjurations
 - Level 1.1 Summonings
 + Level 4.4 Translocations
 - Level 5.0 Fire Magic


You had 13 spell levels left.
You knew the following spells:

 Your Spells              Type           Power        Failure   Level
a - Magic Dart            Conj           100%         1%          1
b - Conjure Flame         Conj/Fire      27%          4%          3

Your spell library contained the following spells:

 Spells                   Type           Power        Failure   Level
 Blink                    Tloc           N/A          3%          2
 Call Imp                 Summ           10%          12%         2
 Slow                     Hex            5%           19%         2
 Mephitic Cloud           Conj/Pois/Air  12%          21%         3


Dungeon Overview and Level Annotations

Branches:
Dungeon (4/15)             Temple (1/1) D:4         Ossuary (visited)

Altars:
Ashenzari
Dithmenos
Elyvilon
Fedhas
Gozag
Hepliaklqana
Kikubaaqudgha
Makhleb
Ru
Sif Muna
Uskayaw
Vehumet
Wu Jian
Xom
Yredelemnul
Zin
The Shining One

Shops:
D:4 [

Annotations:
D:4 Sigmund


Innate Abilities, Weirdness & Mutations

You are partially covered in yellow scales. (AC +2)
You are agile. (Dex +2)
You are strong-willed. (Will+)


Message History

The ogre is almost dead.
Something barely misses you. The ogre completely misses you.
You puncture the ogre!
You kill the ogre!
Something hits you but does no damage.
Training target 5.0 for Stealth reached!
Your Stealth skill increases to level 5!
Your Translocations skill increases to level 4!
You have reached level 8!
You feel clever.
You see here 10 gold pieces.
A puff of flame appears from out of thin air!
The puff of flame misses you.
A puff of flame appears from out of thin air!
The puff of flame hits you! The fire burns you terribly!
* * * LOW HITPOINT WARNING * * *
A magic dart appears from out of thin air!
The magic dart hits you.
You die...
Your body crumbles into a pile of gold.

...## #.#. #..#...#....#
##..####.#.##..#^#^####.#
.##..##.....#{.#§#§# #.#
..##..##.#..#.####### #.#
...##.##.#..........# #.#
..†.#.##......#..##.# #.#
#...#..#.##.###..##.###.##
###....#.#..# #..##.##...##
..####.#..#.# #.@#........#
#......#.##.###..#..##...#####
####.....##.....<............#
# ##########....)..###.####.#
# #####.###...# #.# #.### #
#.....# #...# #.# #...# #
#.###.###.#.# #.####.#.## ###
#.# #.......# #.##...#... ..#
#.# ###.##.## #....#####.


There were no monsters in sight!

Vanquished Creatures
  A phantom (D:4)
  An ogre (D:4)
  5 water moccasin zombies (Ossuary)
  2 crimson imps (D:4)
  3 orc wizards
  A bullfrog skeleton (D:4)
  Terence (D:3)
  2 worker ants
  Natasha (twice) (D:3)
  An iguana (D:4)
  2 big kobold zombies (Ossuary)
  3 mummies
  5 adders
  An ooze (D:1)
  2 adder skeletons (D:4)
  5 adder zombies (Ossuary)
  3 worms
  2 dart slugs (D:2)
  2 leopard geckos
  5 orcs (D:4)
  6 bats
  4 giant cockroaches
  3 gnoll zombies (Ossuary)
  8 goblins
  9 hobgoblins
  3 jackals
  7 kobolds
  2 quokkas
  2 ball pythons
  9 frilled lizards
  A goblin zombie (D:4)
  2 hobgoblin zombies (Ossuary)
  8 kobold zombies
  6 orc zombies (Ossuary)
  9 rats
128 creatures vanquished.

Vanquished Creatures (others)
  An orc (D:3)
1 creature vanquished.

Grand Total: 129 creatures vanquished

Notes
Turn   | Place    | Note
-------+----------+-------------------------------------------
     0 | D:1      | Descartes the Deep Elf Hedge Wizard began the quest for the
                  | Orb.
     0 | D:1      | Reached XP level 1. HP: 10/10 MP: 7/7
   347 | D:1      | Reached XP level 2. HP: 15/15 MP: 6/9
   910 | D:1      | Reached XP level 3. HP: 17/19 MP: 0/11
  1272 | D:1      | Reached skill level 5 in Spellcasting
  2234 | D:2      | Reached XP level 4. HP: 24/24 MP: 9/13
  2858 | D:3      | Found a hazy altar of Hepliaklqana.
  2889 | D:3      | Noticed Natasha
  2901 | D:3      | Killed Natasha
  2902 | D:3      | Reached skill level 5 in Conjurations
  2902 | D:3      | Reached XP level 5. HP: 19/28 MP: 3/14
  3165 | D:3      | Found a basalt altar of Yredelemnul.
  3230 | D:3      | Noticed Terence
  3242 | D:3      | Killed Terence
  3326 | D:3      | Noticed Natasha
  3335 | D:3      | Killed Natasha
  3861 | D:3      | Found a burning altar of Makhleb.
  4052 | D:4      | Found Qoof's Armour Boutique.
  4103 | D:4      | Found a sand-covered staircase.
  4118 | Ossuary  | Entered an ossuary
  4305 | Ossuary  | Learned a level 3 spell: Conjure Flame
  4355 | Ossuary  | Reached skill level 5 in Dodging
  4355 | Ossuary  | Reached skill level 1 in Fire Magic
  4355 | Ossuary  | Reached XP level 6. HP: 26/32 MP: 4/15
  4868 | Ossuary  | Reached XP level 7. HP: 17/36 MP: 6/16
  5259 | Ossuary  | Reached skill level 5 in Fire Magic
  5742 | D:4      | Gained mutation: You are covered in fur. (AC +1) [potion of
                  | mutation]
  5742 | D:4      | Gained mutation: You expend magic power (3 MP) to
                  | strengthen your wands. [potion of mutation]
  5743 | D:4      | Lost mutation: You expend magic power (3 MP) to strengthen
                  | your wands. [potion of mutation]
  5743 | D:4      | Lost mutation: You are covered in fur. (AC +1) [potion of
                  | mutation]
  5743 | D:4      | Gained mutation: You are strong-willed. (Will+) [potion of
                  | mutation]
  5743 | D:4      | Gained mutation: You are agile. (Dex +2) [potion of
                  | mutation]
  5743 | D:4      | Gained mutation: You are partially covered in yellow
                  | scales. (AC +2) [potion of mutation]
  6203 | D:4      | Found a staircase to the Ecumenical Temple.
  6528 | Temple   | Entered the Ecumenical Temple
  6742 | Temple   | Became a worshipper of Gozag Ym Sagoz the Greedy
  7155 | D:4      | Found a shimmering altar of Xom.
  7245 | D:4      | Noticed Sigmund
  7257 | D:4      | Reached skill level 5 in Stealth
  7257 | D:4      | Reached XP level 8. HP: 8/41 MP: 5/17
  7261 | D:4      | HP: 2/41 [something/puff of flame (7)]
  7266 | D:4      | Killed from afar by Sigmund

Illustrated notes

Levels and vault maps discovered:
D:1:      dpeg_arrival_stonehenge_8_columns, layout_basic,
          chequers_decorated_corner, minmay_tromino_v7
D:2:      layout_rooms, serial_corexii_hall, chequers_hall_statues_corner_a,
          chequers_hall_statues_y
D:3:      layout_basic, lightli_temple_of_fire, lemuel_doored_altar,
          nzn_hepliaklqana_mist_gate, minmay_misc_feat_rows, uniq_terence,
          uniq_natasha
D:4:      minmay_evil_eye, layout_loops_ring, minmay_temple_entry_sparse_star,
          serial_shops, shop, nicolae_ossuary_entry_giza, led_xom_imps,
          uniq_sigmund
Temple:   nicolae_temple_figure_eight

Skill      XL: |  1  2  3  4  5  6  7 |
---------------+----------------------+-----
Conjurations   | 2 3 5 |  5.0
Spellcasting   | 5 |  5.0
Dodging        | 5 |  5.0
Fire Magic     | 1 4 5 |  5.0
Stealth        | 5 |  5.0
Translocations | 4 |  4.4
Summonings     | |  1.1

Action                   |  1- 3 |  4- 6 |  7- 9 || total
-------------------------+-------+-------+-------++-------
Melee: Dagger            |    20 |       |       ||    20
       Short sword       |       |    41 |    28 ||    69
 Cast: Magic Dart        |   104 |   168 |   158 ||   430
       Conjure Flame     |       |     2 |     2 ||     4
  Use: Scroll            |       |     7 |     8 ||    15
       Potion            |       |       |     2 ||     2
Armor: Leather armour    |     7 |    33 |    14 ||    54
Dodge: Dodged            |    27 |    84 |    37 ||   148
